 Dungeon Crawl Stone Soup version 0.30-b1-2-g02819fbbbe (webtiles) character file.

Game seed: 6655792610199908204

10670 nightchill the Skirmisher (level 11, -4/63 HPs)
             Began as a Tengu Hunter on Sept 16, 2023.
             Was an Elder of Hepliaklqana.
             Slain by a cane toad (19 damage)
             ... on level 1 of the Lair of Beasts on Sept 19, 2023.
             The game lasted 00:40:02 (10770 turns).

nightchill the Skirmisher (Tengu Hunter)           Turns: 10770, Time: 00:40:02

Health: -4/63      AC: 11    Str: 12    XL:     11   Next: 65%
Magic:  16/17      EV:  8    Int:  9    God:    Hepliaklqana [****..]
Gold:   554        SH:  0    Dex: 22    Spells: 10/10 levels left

rFire   . . .        a - +1 shortbow
rCold   . . .        (shield currently unavailable)
rNeg    . . .        C - +0 chain mail
rPois   .            (helmet restricted)
rElec   .            (no cloak)
rCorr   .            R - +2 pair of gloves
SInv    .            (boots unavailable)
Will    .....        p - amulet of regeneration Stlth
                     (no ring)
HPRegen 1.10/turn    (no ring)
MPRegen 0.15/turn

%: no passive effects
@: lethally poisoned (-4 -> -8), flying quickly and evasively, quick
A: reduced essence, beak, talons 3, nimble flight
a: Renounce Religion, Recall Ancestor, Ancestor Identity, Transference, Idealise


You were on level 1 of the Lair of Beasts.
You worshipped Hepliaklqana.
Hepliaklqana was greatly pleased with you.
You visited 3 branches of the dungeon, and saw 12 of its levels.

You collected 554 gold pieces.

Inventory:

Hand Weapons
 a - a +1 shortbow (weapon)
 b - a +2 dagger of electrocution
 c - a +0 arbalest
 F - a +2 short sword of holy wrath
 N - a +0 dagger of venom
 O - the +2 morningstar "Fuywuloqu" {venom, *Noise rC++ rCorr SInv}
   (You took it off an orc on level 9 of the Dungeon)

   rC:        It greatly protects you from cold.
   SInv:      It lets you see invisible.
   *Noise:    It may make noises in combat.
   rCorr:     It protects you from acid and corrosion.
Missiles
 t - 2 throwing nets
Armour
 l - a +0 pair of gloves
 B - a +0 leather armour of fire resistance
 C - a +0 chain mail (worn)
 G - a +0 kite shield
 L - a +0 ring mail of cold resistance
 P - a +0 troll leather armour
 R - a +2 pair of gloves (worn)
Jewellery
 p - an amulet of regeneration (around neck)
 r - a ring of ice
 y - a ring of ice
 Q - a +6 ring of strength
Wands
 q - a wand of digging (3)
 H - a wand of iceblast (11)
 U - a wand of light (2)
Scrolls
 d - 4 scrolls of blinking
 e - a scroll of immolation
 f - 2 scrolls of noise
 g - 4 scrolls of teleportation
 h - 2 scrolls of torment
 i - a scroll of enchant weapon
 u - a scroll of silence
 x - a scroll of magic mapping {unknown}
 z - a scroll of acquirement {unknown}
 A - 2 scrolls of fear
 E - a scroll of vulnerability {unknown}
 M - a scroll of fog {unknown}
Potions
 j - 3 potions of flight
 k - 6 potions of curing
 m - 3 potions of might
 n - a potion of ambrosia
 o - 4 potions of brilliance
 s - 3 potions of attraction
 v - a potion of magic
 w - a potion of mutation {unknown}
 D - a potion of experience
 I - 4 potions of heal wounds
 J - a potion of haste
 K - 2 potions of lignification
 S - a potion of cancellation {unknown}
 T - 3 potions of degeneration {unknown}


   Skills:
 + Level 9.6 Fighting
 * Level 14.8 Ranged Weapons
 - Level 2.1 Dodging
 - Level 1.0 Stealth
 + Level 7.5 Invocations


You had 10 spell levels left.
You didn't know any spells.
Your spell library contained the following spells:

 Spells                   Type           Power      Damage    Failure   Level
 Ensorcelled Hibernation  Hex/Ice        0%         N/A       100%        2
 Passwall                 Tmut/Erth      0%         N/A       100%        2
 Sublimation of Blood     Necr           0%         N/A       100%        2
 Wereblood                Tmut           0%         N/A       100%        2
 Swiftness                Air            0%         N/A       100%        3
 Petrify                  Tmut/Erth      0%         N/A       100%        4
 Alistair's Intoxication  Tmut/Pois      0%         N/A       100%        5
 Borgnjor's Vile Clutch   Necr/Erth      0%         N/A       100%        5
 Metabolic Englaciation   Hex/Ice        0%         N/A       100%        5
 Summon Forest            Summ/Tloc      0%         N/A       100%        5
 Summon Mana Viper        Hex/Summ       0%         N/A       100%        5
 Eringya's Noxious Bog    Tmut/Pois      0%         N/A       100%        6
 Statue Form              Tmut/Erth      0%         N/A       100%        6
 Summon Cactus Giant      Summ           0%         N/A       100%        6
 Summon Hydra             Summ           0%         N/A       100%        7


Dungeon Overview and Level Annotations

Branches:
Dungeon (10/15)            Temple (1/1) D:4            Lair (1/5) D:9
    Orc (0/2) D:9

Altars:
Ashenzari
Cheibriados
Elyvilon
Fedhas
Gozag
Hepliaklqana
Kikubaaqudgha
Makhleb
Nemelex Xobeh
Okawaru
Qazlal
Ru
Sif Muna
Trog
Uskayaw
Vehumet
Wu Jian
Xom
Yredelemnul
Zin
The Shining One

Annotations:
D:2 exclusion: downstairs
D:3 exclusion: downstairs
D:4 exclusion: downstairs
D:5 exclusion: statue
D:7 exclusion: knight
D:8 exclusion: downstairs
D:9 exclusion: 2 downstairs


Innate Abilities, Weirdness & Mutations

Your life essence is reduced to manifest your ancestor. (-10% HP)
You have a beak for a mouth.
You have claws for feet.
Your magical nature lets you fly swiftly and evasively.


Message History

The rime drake misses Jimmeh.
The ice encasing you melts away.
The rime drake bites Jimmeh but does no damage.
Jimmeh hits the rime drake with a +0 flail!
Something bites Jimmeh.
Jimmeh is recalled.
Jimmeh hits the cane toad with a +0 flail.
Fire: a) +1 shortbow
Press: ? - help, Q - select action, (/) - cycle Shift-Dir - straight line, f - cane toad
Aim: a cane toad (lightly wounded, ally target, 76% to hit)
You shoot an arrow. The arrow barely misses the cane toad.
The cane toad stings you!
Fire: a) +1 shortbow
Press: ? - help, Q - select action, (/) - cycle Shift-Dir - straight line, f/p - cane toad
Aim: a cane toad (lightly wounded, ally target, 76% to hit)
You shoot an arrow. The arrow hits the cane toad!
The cane toad is moderately wounded.
The sentinel's mark upon you fades away.
The cane toad stings you!
Jimmeh hits the cane toad with a +0 flail.
The cane toad stings you!
You are poisoned.
The cane toad poisons you!
Fire: a) +1 shortbow
Press: ? - help, Q - select action, (/) - cycle Shift-Dir - straight line, f/p - cane toad
Aim: a cane toad (heavily wounded, ally target, 76% to hit)
You shoot an arrow.
The arrow hits the cane toad but does no damage.
The cane toad is heavily wounded.
You feel very sick. The cane toad stings you!
* * * LOW HITPOINT WARNING * * *
Jimmeh barely misses the cane toad.
Fire: a) +1 shortbow
Press: ? - help, Q - select action, (/) - cycle Shift-Dir - straight line, f/p - cane toad
Aim: a cane toad (heavily wounded, ally target, 76% to hit)
You shoot an arrow. The arrow closely misses the cane toad.
You feel very sick. The cane toad stings you!!
You die...

## #..# #.#...####....# ##.#
##...## ####.# #.###...###
#.## #.k....##.#######..#
##........P##...#..#
##.........#.......##
####.....R.....≈.<..~~.##
#P..##...F....~≈~.~~~≈~.#
#####..#.#....@...≈≈≈~≈≈~≈≈.#
##.#...####.......~~≈≈≈≈≈≈≈~.#
#....### ##.......~≈≈≈≈≈≈~.##
##..### #.##....~≈≈≈~~~..P#
..### ########.~≈~≈.~.#####
.## ##............ .##
##........... ..# #P...#......
..# ###..###.#..


You could see the friendly Jimmeh the knight, a cane toad (ally target) and a
rime drake.

Vanquished Creatures
  A two-headed ogre (D:9)
  3 death yaks (D:9)
  A cane toad (Lair:1)
  A hornet (D:9)
  Grinder (D:3)
  A wraith (D:10)
  5 yaks
  An acid dragon (D:10)
  A water moccasin (Lair:1)
  6 orc warriors
  A black bear (D:5)
  An ice beast (D:7)
  A wolf (Lair:1)
  2 phantoms
  A bullfrog (Lair:1)
  4 kobold brigands
  2 gnoll sergeants
  2 scorpions
  7 wights
  A howler monkey (D:9)
  A jelly (D:4)
  4 orc priests
  3 hounds
  A sleepcap (D:4)
  An iguana (D:6)
  Jessica (D:2)
  10 orc wizards
  4 gnolls
  8 adders
  A river rat (D:9)
  3 worms (D:3)
  32 orcs
  6 endoplasms
  4 giant cockroaches
  4 hobgoblins
  2 jackals (D:1)
  11 kobolds
  8 quokkas
  11 ball pythons
  6 bats
  9 frilled lizards
  4 goblins
  8 rats
185 creatures vanquished.

Vanquished Creatures (collateral kills)
  A cane toad (Lair:1)
  A kobold demonologist (D:10)
  3 trolls
  A wraith (D:9)
  A basilisk (Lair:1)
  4 yaks
  2 vampire mosquitoes (D:7)
  3 water moccasins (Lair:1)
  3 orc warriors
  A black bear (D:6)
  A centaur (D:10)
  2 wolves (Lair:1)
  A kobold brigand (D:10)
  4 bullfrogs
  A wight (D:8)
  An electric eel (D:9)
  3 orc priests
  An iguana (D:7)
  A sleepcap (D:7)
  4 orc wizards
  A hell rat (D:9)
  4 gnolls
  2 river rats (D:9)
  10 orcs
  4 frilled lizards (D:6)
  4 kobolds (D:7)
64 creatures vanquished.

Vanquished Creatures (others)
  10 knights
  An ancestor (D:6)
  11 plants
22 creatures vanquished.

Grand Total: 271 creatures vanquished

Notes
Turn   | Place    | Note
-------+----------+-------------------------------------------
     0 | D:1      | nightchill the Tengu Hunter began the quest for the Orb.
     0 | D:1      | Reached XP level 1. HP: 12/12 MP: 2/2
   157 | D:1      | Reached XP level 2. HP: 17/17 MP: 3/3
   301 | D:1      | Reached skill level 5 in Ranged Weapons
   383 | D:1      | Reached XP level 3. HP: 22/22 MP: 4/4
   922 | D:2      | Noticed Jessica
   927 | D:2      | Killed Jessica
   928 | D:2      | Reached XP level 4. HP: 28/28 MP: 5/5
  1444 | D:3      | Reached skill level 6 in Ranged Weapons
  1628 | D:3      | Gained mutation: Your magical nature lets you fly swiftly
                  | and evasively. [Tengu growth]
  1628 | D:3      | Reached XP level 5. HP: 32/32 MP: 6/6
  1792 | D:3      | Noticed Grinder
  2100 | D:3      | Killed Grinder
  2101 | D:3      | Reached skill level 7 in Ranged Weapons
  2101 | D:3      | Reached XP level 6. HP: 26/38 MP: 7/7
  2518 | D:4      | Reached XP level 7. HP: 36/44 MP: 8/8
  2554 | D:4      | Found a stormy altar of Qazlal.
  2730 | D:4      | Found a staircase to the Ecumenical Temple.
  2749 | Temple   | Entered the Ecumenical Temple
  2824 | Temple   | Became a worshipper of Hepliaklqana the Forgotten
  3149 | D:4      | Found a snail-covered altar of Cheibriados.
  3292 | D:5      | Entered Level 5 of the Dungeon
  3299 | D:4      | Reached skill level 8 in Ranged Weapons
  3403 | D:5      | Found a sparkling altar of Nemelex Xobeh.
  3408 | D:5      | Found a shimmering altar of Xom.
  3433 | D:5      | Found a radiant altar of Vehumet.
  3640 | D:5      | Reached skill level 1 in Invocations
  3712 | D:5      | Reached * piety under Hepliaklqana
  3822 | D:5      | Reached skill level 5 in Fighting
  3946 | D:5      | Reached XP level 8. HP: 33/44 MP: 10/10
  4448 | D:6      | Reached skill level 9 in Ranged Weapons
  5320 | D:7      | Reached ** piety under Hepliaklqana
  5321 | D:7      | Remembered your ancestor Jimmeh as a knight
  5741 | D:7      | Reached skill level 10 in Ranged Weapons
  5768 | D:7      | Reached XP level 9. HP: 46/49 MP: 12/12
  5960 | D:8      | Found an opulent altar of Gozag.
  6025 | D:8      | Found a glowing silver altar of Zin.
  6863 | D:9      | Reached skill level 11 in Ranged Weapons
  7030 | D:9      | Reached *** piety under Hepliaklqana
  7109 | D:9      | Noticed a hornet
  7116 | D:9      | Noticed a death yak
  7116 | D:9      | Noticed a death yak
  7206 | D:9      | Noticed a troll
  7258 | D:8      | Killed a troll
  7334 | D:9      | Noticed a troll
  7348 | D:9      | Killed a troll
  7394 | D:9      | Identified the +2 morningstar "Fuywuloqu" {venom, *Noise
                  | rC++ rCorr SInv}
  7395 | D:9      | Reached skill level 5 in Invocations
  7472 | D:9      | Reached XP level 10. HP: 56/56 MP: 14/14
  7528 | D:9      | Reached skill level 12 in Ranged Weapons
  7732 | D:9      | Found a staircase to the Lair.
  7733 | D:9      | Noticed a death yak
  7868 | D:9      | Killed a death yak
  7880 | D:9      | Killed a death yak
  7935 | D:9      | HP: 1/57 [orc warrior/bolt (3)]
  8050 | D:9      | Reached skill level 13 in Ranged Weapons
  8124 | D:9      | Killed a death yak
  8275 | D:9      | Found a staircase to the Orcish Mines.
  8380 | D:10     | Entered Level 10 of the Dungeon
  8434 | D:10     | Found a basalt altar of Yredelemnul.
  8594 | D:10     | Noticed a two-headed ogre
  8654 | D:10     | Noticed a kobold demonologist
  8657 | D:10     | Noticed a rust devil
  8785 | D:10     | Killed a kobold demonologist
  8786 | D:10     | Reached XP level 11. HP: 49/62 MP: 15/17
  9243 | D:9      | Reached skill level 14 in Ranged Weapons
  9347 | D:9      | Killed a two-headed ogre
  9705 | Lair:1   | Entered Level 1 of the Lair of Beasts
 10569 | Lair:1   | Reached **** piety under Hepliaklqana
 10770 | Lair:1   | Slain by a cane toad

Illustrated notes

Levels and vault maps discovered:
D:1:      minmay_arrival_nine_rooms, layout_loops_ring, nicolae_titane
D:2:      layout_rooms, uniq_jessica
D:3:      layout_basic, minmay_vboxes, uniq_grinder
D:4:      layout_cave_pods, mainiacjoe_overflow_concentric_impassable,
          mainiacjoe_overflow_surrounded_room, minmay_temple_entry_arrows
D:5:      wander_river, layout_loops_ring, minitemple, vehumet_statue
D:6:      layout_gridville, nicolae_hexahallways, minmay_lizard_king
D:7:      layout_cave_pools, minmay_three_doors
D:8:      layout_loops_cross, pdpol_temple_overflow_zin_treasury_gozag_greed,
          hangedman_abyss_or_decor_clamps, chequers_serial_rivers_micro_c
D:9:      layout_long_grid, dpeg_lair_monsters, erik_orc_2
D:10:     layout_rooms, mainiacjoe_overflow_brackets, serial_corexii_hall,
          corexii_hall_statues_i, corexii_hall_statues_t,
          minmay_increasing_density
Temple:   nicolae_temple_bog_church
Lair:1:   layout_cave_pods, infiniplex_staircase_pool

Skill      XL: |  1  2  3  4  5  6  7  8  9 10 11 |
---------------+----------------------------------+-----
Ranged Weapons | 5 6 7 8 10 11 13 14 | 14.8
Fighting       | 3 4 5 6 7 8 9 |  9.6
Invocations    | 1 3 5 6 7 |  7.5
Dodging        | |  2.1
Stealth        | |  1.0

Action                     |  1- 3 |  4- 6 |  7- 9 | 10-12 || total
---------------------------+-------+-------+-------+-------++-------
  Melee: Dagger            |       |       |    11 |     2 ||    13
         Kick              |       |       |     4 |     3 ||     7
         Peck              |       |       |     4 |     1 ||     5
         Short sword       |       |       |       |     6 ||     6
         Punch             |       |       |       |     1 ||     1
   Fire: Shortbow          |    89 |   146 |   339 |   438 ||  1012
 Invoke: Ancestor Identity |       |       |     1 |       ||     1
         Recall Ancestor   |       |       |     9 |     9 ||    18
         Ancestor Life: Kn |       |       |     1 |       ||     1
         Transference      |       |       |       |     2 ||     2
  Evoke: Wand              |       |       |     1 |       ||     1
    Use: Scroll            |       |     6 |     3 |    11 ||    20
         Potion            |       |     1 |     1 |       ||     2
 Armour: Leather armour    |     9 |    24 |     6 |       ||    39
         Chain mail        |       |       |    28 |    32 ||    60
  Dodge: Dodged            |    32 |    60 |    45 |    44 ||   181
